 Dungeon Crawl Stone Soup version 0.30.1-9-gdf580d7c3d (webtiles) character file.

Game seed: 17686300858545656820

186 monsoonserge the Slasher (level 6, 0/53 HPs)
             Began as a Meteoran Monk on Oct 19, 2023.
             Was a Believer of Qazlal.
             Slain by a wight
             ... wielding a +3 long sword
              (9 damage)
             ... on level 4 of the Dungeon.
             The game lasted 00:08:31 (1705 turns).

monsoonserge the Slasher (Meteoran Monk)            Turns: 1705, Time: 00:08:32

Health: 0/53       AC:  6    Str: 13    XL:     6   Next: 19%
Magic:  7/7        EV: 14    Int: 11    God:    Qazlal [**....]
Gold:   211        SH:  2    Dex: 24    Spells: 5/5 levels left

rFire   + + .        a - +0 falchion
rCold   + . .        d - orb {light}
rNeg    . . .        n - +1 leather armour "Lywed" {rF+ Dex+5}
rPois   +            (no helmet)
rElec   +            r - +0 cloak
rCorr   +            t - +0 pair of gloves
SInv    .            (no boots)
Will    .....        (no amulet)
Stlth   +            (no ring)
HPRegen 0.28/turn    (no ring)
MPRegen 0.10/turn

%: no passive effects
@: resistant, flying, hasted, glowing, very quick
A: sense surroundings 1, otherworldly, glowing, explore regen
a: Renounce Religion, Upheaval


You were on level 4 of the Dungeon.
You worshipped Qazlal.
Qazlal was pleased with you.
You visited 1 branch of the dungeon, and saw 4 of its levels.

You collected 211 gold pieces.

Inventory:

Hand Weapons
 a - a +0 falchion (weapon)
Missiles
 h - 5 atropa-tipped darts
 k - 6 poisoned darts (quivered)
Armour
 b - a +0 robe
 d - an orb of light (worn)
 g - a +0 leather armour
 m - a +0 ring mail
 n - the +1 leather armour "Lywed" (worn) {rF+ Dex+5}
   (You found it on level 3 of the Dungeon)

   Dex:       It affects your dexterity (+5).
   rF:        It protects you from fire.
 r - a +0 cloak (worn)
 t - a +0 pair of gloves (worn)
Scrolls
 e - 2 scrolls of teleportation {unknown}
 i - 3 scrolls of identify {unknown}
 j - a scroll of poison {unknown}
 p - a scroll of enchant armour {unknown}
 u - a scroll of magic mapping {unknown}
 v - a scroll of butterflies {unknown}
 w - a scroll of blinking {unknown}
Potions
 c - a potion of ambrosia
 f - 5 potions of curing
 l - a potion of resistance
 q - a potion of flight
 s - a potion of magic {unknown}


   Skills:
 + Level 4.4 Fighting
 + Level 5.5 Long Blades
 + Level 1.6 Armour
 + Level 4.2 Dodging
 + Level 0.8 Stealth


You had 5 spell levels left.
You didn't know any spells.
Your spell library contained the following spells:

 Spells                   Type           Power      Damage    Failure   Level
 Volatile Blastmotes      Fire/Tloc      0%         2d10      80%         3
 Fulminant Prism          Conj/Hex       0%         3d5       99%         4
 Iskenderun's Mystic Bla  Conj/Tloc      0%         2d3       99%         4
 Lee's Rapid Deconstruct  Erth           0%         3d4*      100%        5


Dungeon Overview and Level Annotations

Branches:
Dungeon (4/15) Zot: 683
 Temple: D:4-7

Altars:
Cheibriados
Kikubaaqudgha
Qazlal
Sif Muna
Trog
Vehumet

Shops:
D:2 (


Innate Abilities, Weirdness & Mutations

You passively map a small area around you.
You are easily found by Zot.
You glow in the dark.
You regain HP and MP as you explore.


Message History

The scorpion barely misses you.
An endoplasm comes into view.
You barely miss the scorpion. The scorpion misses you.
A wight comes into view. It is wielding a +3 long sword.
The scorpion misses you.
You hit the scorpion but do no damage. The scorpion stings you.
You are poisoned.
The scorpion poisons you!
You hit the scorpion but do no damage.
You feel very sick. The wight barely misses you.
The scorpion closely misses you.
You feel sick.
You hit the scorpion.
The scorpion is moderately wounded.
You feel sick. The scorpion closely misses you. x2
You hit the scorpion.
The scorpion is heavily wounded.
You feel sick.
The wight hits you with a +3 long sword!
The scorpion misses you. The scorpion attacks as you move away!
The scorpion stings you.
You feel sick.
You hit the wight but do no damage.
You feel sick.
The wight hits you with a +3 long sword!
Okay, then.
Okay, then.
It was a potion of curing.
You feel better.
The wight hits you with a +3 long sword.
You hit the wight but do no damage.
The wight hits you with a +3 long sword!
* * * LOW HITPOINT WARNING * * *
Unknown command.
It was a potion of resistance.
You feel protected. The wight misses you.
It was a potion of flight.
You feel very buoyant.
You fly up into the air.
The wight misses you.
It was a potion of haste.
You feel yourself speed up.
The wight hits you with a +3 long sword!
You die...

, .., , , .. ,, * ,
###., ,, ,, , ,.#. ,,
* , , *,.., , ,* * #.
* * , ######.#### , *
........z.## ,
,........#@.# *
........##.####
........##....#######
........#####........
, , ,.########
#...##### , , *
####.#...(.. ,
#....##...## * ####.#
##.# *
#####.####..#### .


You could see a wight.

Vanquished Creatures
  An ogre (D:4)
  3 gnolls (D:3)
  2 adders (D:2)
  A worm (D:3)
  A dart slug (D:3)
  An orc (D:4)
  5 ball pythons
  7 endoplasms
  2 giant cockroaches
  8 goblins
  3 hobgoblins
  A quokka (D:1)
  2 bats (D:1)
  3 frilled lizards
  5 kobolds
  3 rats
48 creatures vanquished.

Notes
Turn   | Place    | Note
-------+----------+-------------------------------------------
     0 | D:1      | monsoonserge the Meteoran Monk began the quest for the Orb.
     0 | D:1      | Reached XP level 1. HP: 19/19 MP: 2/2
    53 | D:1      | Found a faded altar of an unknown god.
    65 | D:1      | Reached XP level 2. HP: 26/26 MP: 3/3
   362 | D:1      | Reached skill level 4 in Long Blades
   461 | D:1      | Reached XP level 3. HP: 31/31 MP: 4/4
   494 | D:1      | Glimpsed the power of Zot.
   544 | D:1      | Glimpsed the power of Zot.
   785 | D:2      | Reached XP level 4. HP: 34/38 MP: 5/5
   802 | D:2      | Found Ipreufukh's Weapon Shoppe.
  1061 | D:3      | Identified the +1 leather armour "Lywed" {rF+ Dex+5}
  1452 | D:3      | Reached skill level 5 in Long Blades
  1457 | D:3      | Reached XP level 5. HP: 25/46 MP: 6/6
  1468 | D:3      | Reached skill level 1 in Armour
  1630 | D:4      | Found a radiant altar of Vehumet.
  1640 | D:4      | Found a snail-covered altar of Cheibriados.
  1640 | D:4      | Noticed an ogre
  1642 | D:4      | Found a stormy altar of Qazlal.
  1642 | D:4      | Found an ancient bone altar of Kikubaaqudgha.
  1651 | D:4      | Killed an ogre
  1652 | D:4      | Reached XP level 6. HP: 53/53 MP: 7/7
  1655 | D:4      | Found a bloodstained altar of Trog.
  1658 | D:4      | Found a shimmering blue altar of Sif Muna.
  1661 | D:4      | Became a worshipper of Qazlal Stormbringer
  1661 | D:4      | Reached * piety under Qazlal
  1661 | D:4      | Reached ** piety under Qazlal
  1705 | D:4      | Slain by a wight

Illustrated notes

Levels and vault maps discovered:
D:1:      lightli_arrival_boilingwater, layout_loops_corners,
          basic_ecumenical_altar, chequers_garden
D:2:      layout_basic, serial_shops, shop
D:3:      layout_loops_corners
D:4:      layout_basic, lemuel_round_altar, minitemple, uniq_menkaure

Skill      XL: |  1  2  3  4  5 |
---------------+----------------+-----
Dodging        | 4 |  4.2
Long Blades    | 4 5 |  5.5
Armour         | 1 |  1.6
Fighting       | 4 |  4.4
Stealth        | |  0.8

Action                     |  1- 3 |  4- 6 || total
---------------------------+-------+-------++-------
  Melee: Falchion          |    45 |    82 ||   127
  Throw: Dart              |       |     1 ||     1
    Use: Potion            |       |     4 ||     4
 Armour: Robe              |     2 |       ||     2
         Leather armour    |    13 |    13 ||    26
         Ring mail         |       |     2 ||     2
  Dodge: Dodged            |    29 |    39 ||    68
